 Dungeon Crawl Stone Soup version 0.20.0 (webtiles) character file.

19798 Llamajah the Blocker (level 13, 0/99 HPs)
             Began as a Formicid Fighter on June 16, 2017.
             Was a High Priest of Okawaru.
             Killed from afar by Azrael (7 damage)
             ... with a fireball
             ... on level 13 of the Dungeon.
             The game lasted 00:51:28 (14294 turns).

Llamajah the Blocker (Formicid Fighter)            Turns: 14294, Time: 00:51:29

Health: 0/99       AC: 17    Str: 29    XL:     13   Next: 7%
Magic:  18/18      EV: 10    Int:  8    God:    Okawaru [*****.]
Gold:   896        SH: 17    Dex: 10    Spells: 12/12 levels left

rFire    + + .     SeeInvis +   e - +4 war axe
rCold    . . .     Gourm    .   c - +0 shield
rNeg     . . .     Faith    .   C - +3 plate armour {rF+}
rPois    .         Spirit   .   (helmet unavailable)
rElec    .         Reflect  +   E - +0 cloak {MR+}
rCorr    .         Harm     .   (no gloves)
MR       ++...                  (no boots)
Stlth    ..........             U - +5 amulet of reflection
Regen    0.3/turn               w - ring of protection from fire
MPRegen  0.2/turn               L - +3 ring of strength

@: liquid flames, glowing, heavily drained
A: permanent stasis, dig shafts and tunnels, four strong arms, antennae 3
a: Dig, Shaft Self, Heroism, Finesse, Renounce Religion


You were on level 13 of the Dungeon.
You worshipped Okawaru.
Okawaru was extremely pleased with you.
You were not hungry.

You visited 2 branches of the dungeon, and saw 14 of its levels.

You collected 896 gold pieces.

Inventory:

Hand Weapons
 a - a +1 war axe of chopping
 e - a +4 war axe (weapon)
 J - a +3 dire flail
 S - a +0 broad axe
Armour
 c - a +0 shield (worn)
 d - the +8 crystal plate armour of Entitlement {Str+4}
   (Okawaru gifted it to you on level 8 of the Dungeon)

   It affects your strength (+4).
 C - a +3 plate armour of fire resistance (worn)
 E - a +0 cloak of magic resistance (worn)
Jewellery
 w - a ring of protection from fire (left hand)
 L - a +3 ring of strength (right hand)
 M - a +4 ring of intelligence
 U - a +5 amulet of reflection (around neck)
 V - the amulet of Meky {Harm *Drain rN+}
   (You took it off an orc on level 12 of the Dungeon)

   [amulet of harm]

   It increases damage dealt and taken.
   It protects you from negative energy.
   It causes draining when unequipped.
Wands
 p - a wand of confusion (27/48)
 u - a wand of acid (0/15)
 D - a wand of lightning (0/15)
 I - a wand of iceblast (4/15)
 N - a wand of flame (19/48)
 P - a wand of random effects (20/48)
 Q - a wand of polymorph (15/24)
 T - a wand of polymorph (10/24)
Scrolls
 b - 2 scrolls of enchant weapon
 k - 2 scrolls of amnesia {unknown}
 n - 4 scrolls of identify
 q - a scroll of fear
 r - 2 scrolls of remove curse
 y - a scroll of enchant armour
 B - a scroll of fog
 K - a scroll of magic mapping {unknown}
Potions
 h - 2 potions of magic
 l - 2 potions of brilliance
 m - a potion of lignification
 o - 3 potions of berserk rage {unknown}
 s - 3 potions of agility {unknown}
 v - a potion of cancellation
 x - a potion of mutation
 z - a potion of invisibility
 A - a potion of resistance
 F - a potion of flight {unknown}
 G - a potion of curing {unknown}
 O - a potion of might
Books
 t - a book of Cantrips

   Spells                             Type                      Level
   a - Confusing Touch                Hexes                        1
   b - Animate Skeleton               Necromancy                   1
   c - Summon Small Mammal            Summoning                    1
   d - Apportation                    Translocation                1
Comestibles
 f - 12 bread rations
 g - 5 meat rations
 i - 12 royal jellies
 j - 6 fruits


   Skills:
 + Level 8.7(7.0) Fighting
 + Level 9.2(7.6) Axes
 + Level 8.8(7.1) Armour
 + Level 9.2(7.5) Dodging
 - Level 0.6(0.0) Stealth
 + Level 10.0(8.3) Shields
 - Level 7.4(5.8) Invocations
 + Level 7.3(5.7) Evocations


You had 12 spell levels left.
You didn't know any spells.

Dungeon Overview and Level Annotations

Branches:
Dungeon (13/15)            Temple (1/1) D:6            Lair (0/6) D:8
    Orc (0/2) D:12
 Vaults: D:13-14

Altars:
Cheibriados
Elyvilon
Fedhas
Gozag
Kikubaaqudgha
Okawaru
Sif Muna
Xom
The Shining One
Beogh

Shops:
D:5 (   D:9 (   D:11 }

Annotations:
D:13 Azrael


Innate Abilities, Weirdness & Mutations

You cannot be hasted, slowed, berserked, paralysed or teleported.
You can dig through walls and to a lower floor.
Your four strong arms can wield two-handed weapons with a shield.
You have a pair of large antennae on your head. (SInv)


Message History

You block Azrael's attack.
You hit Azrael.
Azrael is almost dead.
You are covered in liquid flames!
Azrael gestures at you.
The sphere of damnation explodes!
The damnation engulfs you!
* * * LOW HITPOINT WARNING * * *
The damnation engulfs Azrael.
Azrael completely resists.
You hit Azrael.
Azrael is almost dead.
You are covered in liquid flames!
* * * LOW HITPOINT WARNING * * *
You block Azrael's attack.
You hit Azrael but do no damage.
Azrael is almost dead.
You are covered in liquid flames!
* * * LOW HITPOINT WARNING * * *
Azrael gestures at you.
The fireball explodes!
The fireball engulfs you! You resist.
You die...

.#######.ยง......#
...[......####..# {
..........# #..#
.#######..# #..# #.# #..#
#..### #.# #..# #....# #.#
#..####....# #.#
.#######.R.......####.#
.........@<.....#.##..#
..........####..####..#
.#######..# #..# #..####
#..# #..####....>.
#..####..........<.
.#######..............####
................####..#
..........####?.# #..#
.#######..# #..# #..#


You could see Azrael.

Vanquished Creatures
  2 death knights (D:12)
  Fannar (D:10)
  A centaur warrior (D:11)
  4 two-headed ogres
  A slime creature (D:12)
  The ghost of kaikaun the Basher, a novice MiBe of Trog (D:8)
  A phantasmal warrior (D:12)
  A cyclops (D:12)
  An ugly thing (D:12)
  2 freezing wraiths (D:12)
  2 hornets (D:8)
  Grinder (D:5)
  2 hippogriffs
  10 yaks
  3 fire elementals
  2 wyverns
  The ghost of Geoffrax the Bolt Thrower, an amateur DgHu (D:3)
  Grum (D:11)
  2 steam dragons
  2 chaos spawn (D:11)
  A hungry ghost (D:7)
  4 wargs (D:12)
  An acid dragon (D:12)
  4 hell hounds
  3 soldier ants
  A water moccasin (D:12)
  3 ice beasts
  2 black bears
  5 orc warriors
  3 sky beasts
  A hornet zombie (D:9)
  2 eyes of draining
  A necrophage (D:8)
  9 ogres
  9 centaurs
  2 wolves (D:11)
  A crocodile (D:9)
  2 big kobolds
  Blork the orc (D:5)
  7 bullfrogs
  A water moccasin skeleton (D:9)
  A scorpion (D:8)
  3 electric eels (D:10)
  11 wights
  5 howler monkeys
  5 crimson imps
  3 lava snakes (D:10)
  6 hounds
  2 jellies
  5 orc priests
  An iron imp (D:8)
  13 orc wizards
  2 bullfrog skeletons
  3 iguanas
  10 worker ants
  A worker ant zombie (D:6)
  2 howler monkey skeletons
  11 adders
  3 shadow imps
  An adder skeleton (D:6)
  2 worms
  2 dart slugs
  A leopard gecko (D:7)
  68 orcs
  5 giant cockroaches
  7 goblins
  6 hobgoblins
  13 jackals
  10 quokkas
  2 ball pythons
  5 bats
  4 frilled lizards
  A jackal skeleton (D:4)
  18 kobolds
  A leopard gecko zombie (D:6)
  A quokka skeleton (D:8)
  10 rats
  4 fungi (D:5)
352 creatures vanquished.

Vanquished Creatures (others)
  A fire vortex (D:11)
1 creature vanquished.

Grand Total: 353 creatures vanquished

Notes
Turn   | Place    | Note
-------+----------+-------------------------------------------
     0 | D:1      | Llamajah the Formicid Fighter began the quest for the Orb.
     0 | D:1      | Reached XP level 1. HP: 18/18 MP: 1/1
    72 | D:1      | Reached XP level 2. HP: 18/24 MP: 2/2
   320 | D:1      | Reached skill level 4 in Shields
   510 | D:1      | Reached XP level 3. HP: 29/29 MP: 3/3
  1080 | D:2      | Reached XP level 4. HP: 18/35 MP: 4/4
  1320 | D:2      | You fall through a shaft for 2 floors!
  1320 | D:4      | Found an iron altar of Okawaru.
  1323 | D:4      | Became a worshipper of Warmaster Okawaru
  1345 | D:4      | Noticed an ogre
  2375 | D:3      | Found a faded altar of an unknown god.
  2385 | D:3      | Noticed Geoffrax's ghost (amateur DgHu)
  2784 | D:3      | Found an opulent altar of Gozag.
  2872 | D:3      | Reached XP level 5. HP: 28/41 MP: 5/5
  3116 | D:3      | Killed Geoffrax's ghost
  3116 | D:3      | Reached skill level 1 in Dodging
  3116 | D:3      | Reached XP level 6. HP: 44/48 MP: 6/6
  3578 | D:4      | Noticed an ogre
  3911 | D:4      | Killed an ogre
  3911 | D:4      | Reached * piety under Okawaru
  3911 | D:4      | Reached skill level 5 in Axes
  3911 | D:4      | Reached skill level 5 in Shields
  3911 | D:4      | Reached XP level 7. HP: 7/54 MP: 7/7
  4432 | D:5      | Entered Level 5 of the Dungeon
  4432 | D:5      | Found Bawengup's Antique Weapon Shop.
  4514 | D:5      | Noticed Grinder
  4534 | D:6      | Found a staircase to the Ecumenical Temple.
  4543 | Temple   | Entered the Ecumenical Temple
  5066 | D:5      | Killed Grinder
  5066 | D:5      | Reached XP level 8. HP: 60/61 MP: 8/8
  5085 | D:5      | HP: 3/61 [orc priest/divine providence (12)]
  5094 | D:5      | You fall through a shaft for 2 floors!
  5471 | D:5      | Reached skill level 1 in Invocations
  5548 | D:5      | Reached ** piety under Okawaru
  5548 | D:5      | Reached skill level 5 in Armour
  5548 | D:5      | Reached skill level 1 in Evocations
  5729 | D:5      | Noticed Blork the orc
  5735 | D:5      | Killed Blork the orc
  5740 | D:5      | Found a glowing golden altar of the Shining One.
  5917 | D:5      | Reached skill level 5 in Fighting
  6179 | D:6      | Reached skill level 6 in Shields
  6207 | D:6      | Reached XP level 9. HP: 67/68 MP: 10/10
  6265 | D:6      | Found a blossoming altar of Fedhas.
  6462 | D:6      | Reached *** piety under Okawaru
  6537 | D:6      | Found a white marble altar of Elyvilon.
  7088 | D:7      | Reached skill level 5 in Dodging
  7266 | D:7      | Reached **** piety under Okawaru
  7297 | D:7      | Reached XP level 10. HP: 76/76 MP: 13/13
  7815 | D:8      | Noticed kaikaun's ghost (novice MiBe)
  7838 | D:8      | Killed kaikaun's ghost
  7838 | D:8      | Reached skill level 7 in Shields
  7911 | D:8      | Found a staircase to the Lair.
  7989 | D:8      | Noticed a two-headed ogre
  7993 | D:8      | Killed a two-headed ogre
  7993 | D:8      | Reached ***** piety under Okawaru
  7993 | D:8      | Reached skill level 5 in Invocations
  8156 | D:8      | Found a deep blue altar of Sif Muna.
  8480 | D:8      | Received a gift from Okawaru
  8481 | D:8      | Got a shimmering crystal plate armour {god gift}
  8492 | D:8      | Identified the +8 crystal plate armour of Entitlement {Str+4} (Okawaru gifted it to you on level 8 of the Dungeon)
  8634 | D:8      | Found a snail-covered altar of Cheibriados.
  9014 | D:9      | Found an ancient bone altar of Kikubaaqudgha.
  9014 | D:9      | Noticed a two-headed ogre
  9021 | D:9      | Killed a two-headed ogre
  9021 | D:9      | Reached skill level 5 in Evocations
  9021 | D:9      | Reached XP level 11. HP: 77/83 MP: 13/15
  9349 | D:9      | Noticed a two-headed ogre
  9356 | D:9      | Killed a two-headed ogre
  9356 | D:9      | Reached skill level 8 in Shields
  9494 | D:9      | Found a roughly hewn altar of Beogh.
  9930 | D:9      | Found Lazipir's Weapon Shoppe.
 10041 | D:10     | Entered Level 10 of the Dungeon
 10856 | D:10     | Noticed Fannar
 10872 | D:10     | Killed Fannar
 10996 | D:11     | Found Fuon's Gadget Boutique.
 11300 | D:11     | Noticed a two-headed ogre
 11322 | D:11     | Killed a two-headed ogre
 11322 | D:11     | Received a gift from Okawaru
 11322 | D:11     | Reached XP level 12. HP: 72/92 MP: 17/17
 11342 | D:11     | Noticed a centaur warrior
 11357 | D:11     | Killed a centaur warrior
 11357 | D:11     | Reached skill level 9 in Shields
 11426 | D:11     | Noticed Grum
 11434 | D:11     | Killed Grum
 11478 | D:11     | Found a shimmering altar of Xom.
 12556 | D:12     | Noticed a death knight
 12568 | D:12     | Killed a death knight
 12873 | D:12     | Got a brightly glowing garnet amulet
 12877 | D:12     | Found a staircase to the Orcish Mines.
 13755 | D:13     | Noticed Azrael
 13812 | D:12     | Noticed a death knight
 13833 | D:12     | Killed a death knight
 13839 | D:12     | Reached XP level 13. HP: 43/99 MP: 18/18
 13841 | D:12     | Reached skill level 10 in Shields
 14089 | D:12     | Identified the amulet of Meky {Harm *Drain rN+} (You took it off an orc on level 12 of the Dungeon)
 14294 | D:13     | Killed from afar by Azrael

Skill      XL: |  1  2  3  4  5  6  7  8  9 10 11 12 13 |
---------------+----------------------------------------+-----
Shields        | 4 5 6 7 8 9 10 | 10.0
Axes           | 3 4 5 6 7 8 9 |  9.2
Armour         | 4 5 6 7 8 |  8.8
Dodging        | 1 2 3 5 7 8 9 |  9.2
Fighting       | 4 5 6 7 8 |  8.7
Invocations    | 2 4 5 6 7 |  7.4
Evocations     | 2 3 5 6 7 |  7.3
Stealth        | |  0.6

Action                   |  1- 3 |  4- 6 |  7- 9 | 10-12 | 13-15 || total
-------------------------+-------+-------+-------+-------+-------++-------
Melee: War axe           |   114 |   184 |   321 |   820 |    40 ||  1479
Invok: Heroism           |       |       |     5 |     9 |       ||    14
 Abil: Dig               |       |     2 |     2 |     3 |       ||     7
Evoke: Wand              |       |       |     3 |    14 |       ||    17
  Use: Potion            |       |     1 |     1 |     1 |     1 ||     4
       Scroll            |       |       |       |    22 |       ||    22
 Stab: Paralysed         |       |       |       |     2 |       ||     2
  Eat: Chunk             |     1 |     9 |    16 |    23 |       ||    49
       Royal jelly       |       |       |     1 |       |     1 ||     2
Armor: Scale mail        |    42 |    67 |    28 |       |       ||   137
       Plate armour      |       |       |    90 |    28 |    21 ||   139
       Crystal plate arm |       |       |       |   289 |     2 ||   291
Dodge: Dodged            |    47 |    47 |    91 |   202 |    18 ||   405
Block: Shield            |    56 |    93 |   154 |   471 |    41 ||   815
       Reflection        |       |       |       |     3 |     1 ||     4
